 Dungeon Crawl Stone Soup version 0.29.1-12-g30fa7ad0bf (webtiles) character file.

Game seed: 5463754997813620010

25 112233 the Conjurer (level 2, -4/27 HPs)
             Began as a Troll Conjurer on Dec 26, 2022.
             Slain by a gnoll
             ... wielding a +0 flail
              (6 damage)
             ... on level 3 of the Dungeon.
             The game lasted 00:01:20 (627 turns).

112233 the Conjurer (Troll Conjurer)                 Turns: 627, Time: 00:01:21

Health: -4/27      AC:  4    Str: 14    XL:     2   Next: 82%
Magic:  2/2        EV:  9    Int: 14    God:
Gold:   59         SH:  0    Dex:  8    Spells: 2/3 levels left

rFire   . . .      SeeInvis .   c - +0 dagger (speed)
rCold   . . .      Faith    .   (no shield)
rNeg    . . .      Spirit   .   a - +0 robe
rPois   .          Reflect  .   (helmet restricted)
rElec   .          Harm     .   (no cloak)
rCorr   .          Rampage  .   (gloves unavailable)
Will    .....                   (boots unavailable)
Stlth   +.........              (no amulet)
HPRegen 0.89/turn               (no ring)
MPRegen 0.08/turn               (no ring)

@: no status effects
A: large, unfitting armour, claws 3, regeneration 1, shaggy fur 1, tough skin 1
a: no special abilities


You were on level 3 of the Dungeon.
You visited 1 branch of the dungeon, and saw 3 of its levels.

You collected 59 gold pieces.

Inventory:

Hand Weapons
 c - a +0 dagger of speed (weapon)
Missiles
 e - 2 throwing nets
Armour
 a - a +0 robe (worn)
Scrolls
 f - a scroll of enchant weapon {unknown}
Potions
 b - a potion of magic
 d - a potion of lignification {unknown}
 g - a potion of curing {unknown}
 h - a potion of cancellation {unknown}
 i - a potion of haste {unknown}


   Skills:
 + Level 1.3 Fighting
 + Level 2.2 Dodging
 - Level 1.0 Stealth
 - Level 1.2 Spellcasting
 - Level 2.9 Conjurations


You had 2 spell levels left.
You knew the following spells:

 Your Spells              Type           Power      Damage    Failure   Level
a - Magic Dart            Conj           36%        1d4       8%          1

Your spell library contained the following spells:

 Spells                   Type           Power      Damage    Failure   Level
 Searing Ray              Conj           18%        2d5       12%         2
 Dazzling Flash           Conj/Hex       10%        N/A       38%         3
 Fulminant Prism          Conj/Hex       2%         3d6       80%         4
 Iskenderun's Mystic Bla  Conj/Tloc      5%         2d3       80%         4


Dungeon Overview and Level Annotations

Branches:
Dungeon (3/15)

Altars:


Innate Abilities, Weirdness & Mutations

You are too large for most types of armour.
You have claws for hands.
Your natural rate of healing is unusually fast.
You are covered in fur. (AC +1)
You have tough skin. (AC +1)


Message History

You hit the ball python.
You kill the ball python!
No target in view!
No target in view!
No target in view!
No target in view!
No target in view!
HP restored.
You see here a ball python corpse.
You now have 46 gold pieces (gained 16).
You now have 59 gold pieces (gained 13).
Found a stone staircase leading down.
A gnoll comes into view. It is wielding a +0 spear.
The gnoll shouts!
A gnoll comes into view. It is wielding a +0 whip.
A gnoll comes into view. It is wielding a +0 flail.
A gnoll comes into view. It is wielding a +0 halberd.
There are monsters nearby!
There are monsters nearby!
The gnoll shouts! x2
You see here a white potion.
i - a white potion The gnoll hits you from afar with a +0 halberd!
Ouch! That really hurt!
There is a stone staircase leading down, spattered with blood here.
You can't go up here!
The gnoll hits you with a +0 flail. The gnoll closely misses you.
You climb downwards.
There is a stone staircase leading up here.
Unknown command.
You hit the gnoll but do no damage. You hit the gnoll but do no damage.
The gnoll hits you with a +0 flail.
You hit the gnoll but do no damage. The gnoll hits you with a +0 flail!
* * * LOW HITPOINT WARNING * * *
You hit the gnoll.
The gnoll is moderately wounded.
You closely miss the gnoll.
The gnoll is moderately wounded.
The gnoll hits you with a +0 flail.
You die... #.##### #..g@.# #####.# .# .# .# .# .# ##

You could see a gnoll.

Vanquished Creatures
  4 ball pythons
  An endoplasm (D:1)
  2 goblins
  4 hobgoblins (D:1)
  2 kobolds
  A quokka (D:1)
  5 bats (D:1)
  2 frilled lizards (D:1)
  2 rats (D:1)
23 creatures vanquished.

Notes
Turn   | Place    | Note
-------+----------+-------------------------------------------
     0 | D:1      | 112233 the Troll Conjurer began the quest for the Orb.
     0 | D:1      | Reached XP level 1. HP: 16/16 MP: 1/1
   194 | D:1      | Reached XP level 2. HP: 26/26 MP: 2/2
   299 | D:1      | Reached skill level 1 in Fighting
   567 | D:2      | Found a faded altar of an unknown god.
   625 | D:3      | HP: 1/27 [gnoll/+0 flail (9)]
   627 | D:3      | Slain by a gnoll

Illustrated notes

Levels and vault maps discovered:
D:1:      elethiomel_arrival_quiet, layout_rooms
D:2:      layout_loops_ring, chequers_ecumenical_altar_simple, basic_altar,
          minmay_nonomino_d4, uniq_jessica, uniq_terence
D:3:      layout_basic, mainiacjoe_overflow_boulevard, serial_shops, shop_statue

Skill      XL: |  1  2 |
---------------+-------+-----
Dodging        | 2 |  2.2
Fighting       | 1 |  1.3
Stealth        | |  1.0
Spellcasting   | |  1.2
Conjurations   | |  2.9

Action                   || total
-------------------------++-------
Melee: Unarmed           ||    33
       Dagger            ||   129
       Punch             ||     1
 Cast: Magic Dart        ||     6
Armor: Robe              ||    88
Dodge: Dodged            ||    98
